 Dungeon Crawl Stone Soup version 0.27-a0-203-gd48b2df3c9 (webtiles) character file.

Game seed: 2657441802238386765

83 iamserjio the Skirmisher (level 4, 1/41 HPs)
             Began as a Gnoll Abyssal Knight on Jan 30, 2021.
             Was a Believer of Lugonu.
             Quit the game on level 2 of the Dungeon.
             The game lasted 00:03:39 (555 turns).

iamserjio the Skirmisher (Gnoll Abyssal Knight)      Turns: 555, Time: 00:03:40

Health: 1/41       AC:  6    Str: 11      XL:     4   Next: 44%
Magic:  16/16      EV: 12    Int: 11 (13) God:    Lugonu [**....]
Gold:   99         SH:  0    Dex:  8 (11) Spells: 5/5 levels left

rFire    . . .     SeeInvis .   a - +1 hand axe
rCold    . . .     Faith    .   (no shield)
rNeg     . . .     Spirit   .   b - +0 leather armour
rPois    .         Reflect  .   l - +0 helmet
rElec    .         Harm     .   (no cloak)
rCorr    .         Rampage  .   d - +0 pair of gloves
Will     .....                  (no boots)
Stlth    +.........             (no amulet)
HPRegen  0.13/turn              h - ring of magical power
MPRegen  0.15/turn              (no ring)

@: lethally poisoned (1 -> -1), flying
A: distributed training, fangs 1, strong nose
a: Renounce Religion, Depart the Abyss, Bend Space


You were on level 2 of the Dungeon.
You worshipped Lugonu.
Lugonu was pleased with you.
You visited 1 branch of the dungeon, and saw 3 of its levels.
You visited the Abyss 1 time.

You collected 99 gold pieces.

Inventory:

Hand Weapons
 a - a +1 hand axe (weapon)
 f - a +0 spear
 g - a +0 flail
 m - a +0 dagger
Armour
 b - a +0 leather armour (worn)
 d - a +0 pair of gloves (worn)
 l - a +0 helmet (worn)
Jewellery
 h - a ring of magical power (left hand)
Scrolls
 c - 2 scrolls of random uselessness {unknown}
 i - a scroll of identify {unknown}
 k - a scroll of teleportation {unknown}
Potions
 e - a potion of attraction


   Skills:
 + Level 6.6 Fighting
 + Level 1.1 Short Blades
 + Level 1.1 Long Blades
 + Level 4.6 Axes
 + Level 1.1 Maces & Flails
 + Level 1.1 Polearms
 + Level 1.1 Staves
 + Level 1.1 Slings
 + Level 1.1 Bows
 + Level 1.1 Crossbows
 + Level 1.1 Throwing
 + Level 4.6 Armour
 + Level 2.7 Dodging
 + Level 1.1 Stealth
 + Level 1.1 Shields
 + Level 1.1 Unarmed Combat
 + Level 1.1 Spellcasting
 + Level 0.9 Conjurations
 + Level 0.9 Hexes
 + Level 0.9 Summonings
 + Level 0.9 Necromancy
 + Level 0.9 Translocations
 + Level 0.9 Transmutations
 + Level 0.9 Fire Magic
 + Level 0.9 Ice Magic
 + Level 0.9 Air Magic
 + Level 0.9 Earth Magic
 + Level 0.9 Poison Magic
 + Level 4.7 Invocations
 + Level 1.1 Evocations


You had 5 spell levels left.
You didn't know any spells.
Your spell library was empty.

Dungeon Overview and Level Annotations

Branches:
Dungeon (3/15)

Altars:
Makhleb


Innate Abilities, Weirdness & Mutations

Your experience applies equally to all skills.
You have very sharp teeth.
Your uncanny sense of smell can sniff out nearby items.


Message History

The adder bites you.
* * * LOW HITPOINT WARNING * * *
You barely miss the adder.
* * * LOW HITPOINT WARNING * * *
You feel sick. The adder closely misses you.
It was a potion of flight.
You feel very buoyant.
You fly up into the air.
The adder barely misses you.
You slash the adder!
You kill the adder!
* * * LOW HITPOINT WARNING * * *
You feel sick.
* * * LOW HITPOINT WARNING * * *
You feel sick.
There is an escape hatch in the ceiling here.
A mysterious force pulls you upwards. The hatch slams shut behind you.
* * * LOW HITPOINT WARNING * * *
You feel sick.
Found 18 sling bullets.
Unknown command.

#.......# .. #.).....#
#. #....†..# ..
#.....>.## #.
#........## #.####
########...
####....###### ####.
#.....#......######....
#.....@................
#(..........########...
#.....#####..........##
###### ##.....<..
#..#...<#. .....#####
.#### ∆


There were no monsters in sight!

Vanquished Creatures
  Robin (D:3)
  4 adders
  A leopard gecko (D:1)
  A ball python (D:1)
  11 goblins
  4 hobgoblins
  4 jackals (D:1)
  3 kobolds
  A quokka (D:2)
  A bat (D:1)
  2 frilled lizards (D:1)
  A rat (D:1)
34 creatures vanquished.

Notes
Turn   | Place    | Note
-------+----------+-------------------------------------------
     0 | Abyss:1  | iamserjio the Gnoll Abyssal Knight began the quest for the
                  | Orb.
     0 | Abyss:1  | Reached XP level 1. HP: 23/23 MP: 3/3
     9 | Abyss:1  | Found a corrupted altar of Lugonu.
    30 | Abyss:1  | Found a corrupted altar of Lugonu.
    38 | D:1      | Escaped the Abyss
    95 | D:1      | Reached XP level 2. HP: 24/29 MP: 5/5
   245 | D:2      | Reached XP level 3. HP: 15/35 MP: 6/6
   259 | D:2      | Found a burning altar of Makhleb.
   325 | D:2      | Reached ** piety under Lugonu
   421 | D:3      | Noticed Robin
   480 | D:3      | Killed Robin
   481 | D:3      | Reached skill level 1 in Short Blades
   481 | D:3      | Reached skill level 1 in Long Blades
   481 | D:3      | Reached skill level 1 in Maces & Flails
   481 | D:3      | Reached skill level 1 in Polearms
   481 | D:3      | Reached skill level 1 in Staves
   481 | D:3      | Reached skill level 1 in Slings
   481 | D:3      | Reached skill level 1 in Bows
   481 | D:3      | Reached skill level 1 in Crossbows
   481 | D:3      | Reached skill level 1 in Throwing
   481 | D:3      | Reached skill level 1 in Stealth
   481 | D:3      | Reached skill level 1 in Shields
   481 | D:3      | Reached skill level 1 in Unarmed Combat
   481 | D:3      | Reached skill level 1 in Spellcasting
   481 | D:3      | Reached skill level 1 in Evocations
   481 | D:3      | Reached XP level 4. HP: 11/41 MP: 7/7
   547 | D:3      | HP: 2/41 [poisoned by an adder]
   553 | D:2      | HP: 1/41 [poisoned by an adder]
   555 | D:2      | Quit the game

Illustrated notes

Levels and vault maps discovered:
D:1:      mrwooster_arrival_statue_3, layout_basic, dk_noncrumbling_3
D:2:      layout_rooms, general_overflow_altar, nrook_mini_backslash,
          minmay_misc_feat_diagonals
D:3:      layout_loops_cross, lemuel_round_altar, evilmike_ruin_ashenzari,
          tso_altar, uniq_robin

Skill      XL: |  1  2  3 |
---------------+----------+-----
Short Blades   | 1 |  1.1
Long Blades    | 1 |  1.1
Maces & Flails | 1 |  1.1
Polearms       | 1 |  1.1
Staves         | 1 |  1.1
Slings         | 1 |  1.1
Bows           | 1 |  1.1
Crossbows      | 1 |  1.1
Throwing       | 1 |  1.1
Stealth        | 1 |  1.1
Shields        | 1 |  1.1
Unarmed Combat | 1 |  1.1
Spellcasting   | 1 |  1.1
Evocations     | 1 |  1.1
Fighting       | |  6.6
Axes           | |  4.6
Armour         | |  4.6
Dodging        | |  2.7
Conjurations   | |  0.9
Hexes          | |  0.9
Summonings     | |  0.9
Necromancy     | |  0.9
Translocations | |  0.9
Transmutations | |  0.9
Fire Magic     | |  0.9
Ice Magic      | |  0.9
Air Magic      | |  0.9
Earth Magic    | |  0.9
Poison Magic   | |  0.9
Invocations    | |  4.7

Action                   |  1- 3 |  4- 6 || total
-------------------------+-------+-------++-------
Melee: Hand axe          |    62 |    35 ||    97
       Flail             |    10 |       ||    10
       Bite              |     2 |     3 ||     5
       Punch             |       |     1 ||     1
  Use: Potion            |     3 |     1 ||     4
Armor: Leather armour    |    15 |     5 ||    20
Dodge: Dodged            |    50 |    13 ||    63

Table legend: (Time is in decaauts)
 A = Elapsed time spent in this place.
 B = Non-inter-level travel time spent in this place.
 C = Inter-level travel time spent in this place.
 D = Time resting spent in this place.
 E = Time spent auto-exploring this place.
 F = Levels seen in this place.
 G = Mean time per level.
                   A        B        C        D        E       F      G
               +--------+--------+--------+--------+--------+-----+--------+
         Total |    567 |    531 |     36 |      0 |      0 |   4 |  141.8 |
       Dungeon |    529 |    493 |     36 |      0 |      0 |   3 |  176.3 |
         Abyss |     38 |     38 |      0 |      0 |      0 |   1 |   38.0 |
               +--------+--------+--------+--------+--------+-----+--------+

Top non-repeatable levels by time:
     D:1: 192 daAuts
     D:2: 170 daAuts
     D:3: 166 daAuts
 Abyss:1: 38 daAuts
